 Dungeon Crawl Stone Soup version 0.29-a0-322-g68df515428 (webtiles) character file.

Game seed: 2780255364960617375

16 GigaChad the Skirmisher (level 2, -4/27 HPs)
             Began as a Draconian Chaos Knight on Apr 7, 2022.
             Was a Plaything of Xom.
             Slain by an iguana (8 damage)
             ... on level 1 of the Dungeon.
             The game lasted 00:01:47 (295 turns).

GigaChad the Skirmisher (Draconian Chaos Knight)     Turns: 295, Time: 00:01:49

Health: -4/27      AC:  5    Str: 14    XL:     2   Next: 37%
Magic:  2/2        EV: 12    Int: 12    God:    Xom [......]
Gold:   45         SH:  0    Dex: 10    Spells: 1/1 levels left

rFire   . . .      SeeInvis .   a - +0 falchion (chaos)
rCold   . . .      Faith    .   (no shield)
rNeg    . . .      Spirit   .   (body armour unavailable)
rPois   .          Reflect  .   (helmet restricted)
rElec   .          Harm     .   (no cloak)
rCorr   .          Rampage  .   (no gloves)
Will    .....                   c - +0 pair of boots
Stlth   +.........              (no amulet)
HPRegen 0.09/turn               (no ring)
MPRegen 0.08/turn               (no ring)

@: no status effects
A: AC +4, unfitting armour, cold-blooded
a: Renounce Religion


You were on level 1 of the Dungeon.
You worshipped Xom.
You were a very special plaything of Xom.
You visited 1 branch of the dungeon, and saw 1 of its levels.

You collected 45 gold pieces.

Inventory:

Hand Weapons
 a - a +0 falchion of chaos (weapon)
Armour
 c - a +0 pair of boots (worn)
Scrolls
 d - a scroll of acquirement {unknown}
 e - a scroll of holy word {unknown}
 f - 2 scrolls of identify {unknown}
Potions
 g - a potion of curing {unknown}
Miscellaneous
 b - a piece from Xom's chessboard (15/15) (quivered)


   Skills:
 + Level 3.7 Fighting
 + Level 3.3 Long Blades
 + Level 2.2 Dodging


You had one spell level left.
You didn't know any spells.
Your spell library was empty.

Dungeon Overview and Level Annotations

Branches:
Dungeon (1/15)

Altars:


Innate Abilities, Weirdness & Mutations

Your plain brown scales are hard. (AC +4)
You cannot fit into any form of body armour.
You are cold-blooded and may be slowed by cold attacks.


Message History

[Y]es or [N]o only, please.
Are you sure you want to stumble around while confused and next to your butterfly?
Okay, then.
Are you sure you want to stumble around while confused and next to your butterfly?
You feel less confused.
The iguana barely misses your butterfly.
The iguana completely misses your butterfly.
A rat comes into view.
Found 14 gold pieces.
Found a scroll labelled XARCHOL UK FUCA.
You hit the rat. You burn the rat.
You kill the rat!
Found 20 gold pieces.
The iguana barely misses you.
You hit the iguana. You burn the iguana.
The iguana is lightly wounded.
The iguana barely misses you.
You hit the iguana.
The iguana is moderately wounded.
The iguana bites you.
* * * LOW HITPOINT WARNING * * *
You closely miss the iguana.
The iguana is moderately wounded.
The iguana closely misses you. The iguana misses you.
You barely miss the iguana.
The iguana is moderately wounded.
The iguana misses you.
You hit the iguana. You tail-slap the iguana.
The iguana is severely wounded.
The iguana misses you.
You hit the iguana but do no damage.
The iguana is severely wounded.
Your butterfly disappears in a puff of smoke!
The iguana closely misses you.
You closely miss the iguana.
You tail-slap the iguana, but do no damage.
The iguana is severely wounded.
Your butterfly degenerates into a cloud of primal chaos!
The iguana bites you!
You die...

≈≈≈≈≈≈≈ ... ≈.....
.......# ##.#.###
....... ...#.#.##
....... ##.#....##
$..§?.$ #.#.....##
.......
#..b.....########.......
#....)..........§..$.###
##.b..........l@........
##.....################
##...## ##.## ###


You could see an iguana.

Vanquished Creatures
  A dart slug (D:1)
  An endoplasm (D:1)
  2 hobgoblins (D:1)
  3 kobolds (D:1)
  2 ball pythons (D:1)
  A bat (D:1)
  4 rats (D:1)
14 creatures vanquished.

Notes
Turn   | Place    | Note
-------+----------+-------------------------------------------
     0 | D:1      | GigaChad the Draconian Chaos Knight began the quest for the
                  | Orb.
     0 | D:1      | Reached XP level 1. HP: 19/19 MP: 1/1
    83 | D:1      | XOM: divination: magic mapping
   124 | D:1      | XOM is BORED!
   124 | D:1      | XOM: silly message
   207 | D:1      | Reached XP level 2. HP: 26/26 MP: 2/2
   269 | D:1      | XOM: confusion
   275 | D:1      | XOM: butterfly on damage
   295 | D:1      | Slain by an iguana

Illustrated notes

Levels and vault maps discovered:
D:1:      shiori_arrival_maze, layout_loops_ring, minmay_misc_feat_rows,
          chequers_serial_rivers_large_a

Action                   || total
-------------------------++-------
Melee: Falchion          ||    38
       Punch             ||     1
       Tailslap          ||     3
Armor: Skin              ||    11
Dodge: Dodged            ||    31

Table legend: (Time is in decaauts)
 A = Elapsed time spent in this place.
 B = Non-inter-level travel time spent in this place.
 C = Inter-level travel time spent in this place.
 D = Time resting spent in this place.
 E = Time spent auto-exploring this place.
 F = Levels seen in this place.
 G = Mean time per level.
                   A        B        C        D        E       F      G
               +--------+--------+--------+--------+--------+-----+--------+
         Total |    302 |    302 |      0 |      0 |     21 |   1 |  302.0 |
       Dungeon |    302 |    302 |      0 |      0 |     21 |   1 |  302.0 |
               +--------+--------+--------+--------+--------+-----+--------+

Top non-repeatable levels by time:
     D:1: 302 daAuts
